 Dungeon Crawl Stone Soup version 0.28.0-49-g6dfe1f597d (webtiles) character file.

Game seed: 5612695717195146399

4551 Gabide the Destroyer (level 9, -19/62 HPs)
             Began as a Demigod Conjurer on May 19, 2022.
             Demolished by a two-headed ogre
             ... wielding a +0 giant club
              (26 damage)
             ... on level 9 of the Dungeon.
             The game lasted 00:23:51 (11141 turns).

Gabide the Destroyer (Demigod Conjurer)            Turns: 11141, Time: 00:23:51

Health: -19/62     AC:  7    Str:  8    XL:     9   Next: 97%
Magic:  23/32      EV: 14    Int: 32    God:
Gold:   246        SH:  0    Dex: 18    Spells: 12/22 levels left

rFire   . . .      SeeInvis .   o - +2 falchion (protect)
rCold   . . .      Faith    .   (no shield)
rNeg    . . .      Spirit   .   n - +3 leather armour {Will+}
rPois   .          Reflect  .   (no helmet)
rElec   .          Harm     .   (no cloak)
rCorr   .          Rampage  .   (no gloves)
Will    +....                   r - +0 pair of boots
Stlth   +++.......              (no amulet)
HPRegen 0.20/turn               b - +6 ring of dexterity
MPRegen 0.23/turn               w - ring of magical power

@: no status effects
A: high MP 1, forlorn, divine attributes
a: no special abilities


You were on level 9 of the Dungeon.
You visited 1 branch of the dungeon, and saw 9 of its levels.

You collected 378 gold pieces.
You spent 132 gold pieces at shops.

Inventory:

Hand Weapons
 g - a +0 short sword of flaming
 m - a +2 flail of holy wrath
 o - a +2 falchion of protection (weapon)
 t - a +2 dagger of electrocution
Armour
 n - a +3 leather armour of willpower (worn)
 r - a +0 pair of boots (worn)
 z - the +1 leather armour of Ru's Inspiration {Int+4}
   (You found it on level 7 of the Dungeon)

   Int:       It affects your intelligence (+4).
 G - an orb of light
Jewellery
 b - a +6 ring of dexterity (left hand)
 k - an amulet of guardian spirit
 s - a +6 ring of dexterity
 w - a ring of magical power (right hand)
 B - a +6 ring of dexterity
Wands
 a - a wand of charming (17)
 y - a wand of flame (16)
Scrolls
 c - 5 scrolls of teleportation
 i - a scroll of immolation
 l - a scroll of blinking
 p - 2 scrolls of magic mapping
 x - a scroll of torment
 A - a scroll of noise
 C - a scroll of fear
Potions
 d - 2 potions of haste
 e - a potion of heal wounds
 f - 4 potions of magic
 h - 3 potions of resistance
 j - 3 potions of lignification
 q - 2 potions of attraction
 u - a potion of invisibility
 v - 2 potions of curing
 D - a potion of brilliance
 E - a potion of might {unknown}


   Skills:
 - Level 3.0 Armour
 + Level 5.9 Dodging
 + Level 6.3 Stealth
 * Level 7.1 Spellcasting
 * Level 8.4 Conjurations


You had 12 spell levels left.
You knew the following spells:

 Your Spells              Type           Power      Damage    Failure   Level
a - Magic Dart            Conj           100%       1d8       1%          1
b - Searing Ray           Conj           100%       2d8       1%          2
c - Dazzling Flash        Conj/Hex       76%        N/A       3%          3
d - Fulminant Prism       Conj/Hex       19%        3d11      11%         4

Your spell library contained the following spells:

 Spells                   Type           Power      Damage    Failure   Level
 Shock                    Conj/Air       100%       1d9       1%          1
 Slow                     Hex            44%        N/A       6%          1
 Iskenderun's Mystic Bla  Conj/Tloc      38%        2d9       11%         4
 Confusing Touch          Hex            11%        N/A       17%         3
 Swiftness                Air            11%        N/A       17%         3
 Vampiric Draining        Necr           11%        2d6       17%         3
 Airstrike                Air            5%         N/A       50%         4
 Starburst                Conj/Fire      19%        6d7       85%         6


Dungeon Overview and Level Annotations

Branches:
Dungeon (9/15)             Temple (0/1) D:7
   Lair: D:8-11         Orc: D:9-12

Shops:
D:3 =   D:6 !

Portals:
Bailey: D:9

Annotations:
D:4 3 runed translucent doors, hitsuchi's ghost, amateur DgFE


Innate Abilities, Weirdness & Mutations

You have an increased reservoir of magic. (+10% MP)
You shall have no god before yourself.
Your divine heritage dramatically boosts your attributes as you level up.


Message History

You destroy the centaur zombie!
You finish channelling your searing ray.
Found a spear and a halberd.
Found a flagged portal.
Found a spear.
A two-headed ogre comes into view.
It is wielding a +0 giant club and a +0 giant spiked club.
Found a crude spear and 15 gold pieces.
Found a book of Dangerous Friends.
The magic dart hits the two-headed ogre but does no damage.
The magic dart hits the two-headed ogre but does no damage.
The magic dart hits the two-headed ogre but does no damage.
Casting: Magic Dart (safe; 1% risk of failure)
Confirm with . or Enter, or press ? or * to list all spells.
Aiming: Searing Ray (safe; 1% risk of failure)
Press: ? - help, Shift-Dir - straight line, f/p - two-headed ogre
Aim: a two-headed ogre, wielding a +0 giant club and a +0 giant spiked club (92% to hit)
The searing ray hits the two-headed ogre.
The two-headed ogre is lightly wounded. (Press . to maintain the ray.)
The searing ray hits the two-headed ogre!
The two-headed ogre is moderately wounded.
The searing ray hits the two-headed ogre!
The two-headed ogre is moderately wounded.
The searing ray hits the two-headed ogre!
The two-headed ogre is heavily wounded.
You finish channelling your searing ray.
You hear the steady creaking of a portcullis.
The two-headed ogre hits you with a +0 giant club!!
The two-headed ogre hits you with a +0 giant spiked club!
Casting: Searing Ray (safe; 1% risk of failure)
Confirm with . or Enter, or press ? or * to list all spells.
Aiming: Searing Ray (safe; 1% risk of failure)
Press: ? - help, Shift-Dir - straight line, f/p - two-headed ogre
Aim: a two-headed ogre, wielding a +0 giant club and a +0 giant spiked club (heavily wounded, 92% to hit)
The searing ray hits the two-headed ogre!
The two-headed ogre is almost dead. (Press . to maintain the ray.)
The two-headed ogre hits you with a +0 giant club!!
* * * LOW HITPOINT WARNING * * *
The two-headed ogre hits you with a +0 giant spiked club!!
You die...

#.#.##.....# #.#.##
#.#.##.....####.#.#.
#.#.....)......#....
#.#..#>....####.#.##
#.#..#.....# #.#.#
#............ #.#.#
#.#..###.###.##.#<#
######.#..###.#
.##.#.#
#........@.....#
##.#.#
#.#####.#O######
#.#.# #.^....# #.#..
#...)..# #..)∩)..#
#...)...# #.........
#..$.......
###......:#


You could see a two-headed ogre.

Vanquished Creatures
  A two-headed ogre (D:7)
  Pikel (D:7)
  A hornet (D:8)
  Grinder (D:5)
  Sigmund (D:4)
  A wyvern (D:8)
  Eustachio (D:5)
  3 yaks (D:8)
  Menkaure (D:4)
  Edmund (D:4)
  A water moccasin (D:9)
  A black bear (D:6)
  3 necrophages
  A sky beast (D:6)
  2 ogres
  3 lemures (D:7)
  A centaur (D:8)
  2 phantoms
  A bullfrog (D:8)
  2 scorpions
  A wyvern skeleton (D:3)
  A water moccasin skeleton (D:4)
  A bullfrog zombie (D:5)
  2 centaur zombies
  A centaur skeleton (D:5)
  3 hounds
  4 orc priests (D:7)
  4 iguanas
  8 orc wizards
  Ijyb (D:5)
  A killer bee zombie (D:5)
  2 hound skeletons
  3 adders
  2 shadow imps
  An ufetubus (D:4)
  22 orcs
  3 bats
  2 endoplasms (D:3)
  2 giant cockroaches
  6 goblins
  5 hobgoblins
  6 jackals
  4 quokkas
  6 ball pythons
  3 frilled lizards
  9 kobolds
  7 rats
139 creatures vanquished.

Notes
Turn   | Place    | Note
-------+----------+-------------------------------------------
     0 | D:1      | Gabide the Demigod Conjurer began the quest for the Orb.
     0 | D:1      | Reached XP level 1. HP: 14/14 MP: 5/5
   264 | D:1      | Reached XP level 2. HP: 13/20 MP: 0/7
  1586 | D:2      | Reached XP level 3. HP: 26/26 MP: 2/9
  1648 | D:2      | Learned a level 2 spell: Searing Ray
  2230 | D:3      | Reached skill level 4 in Conjurations
  2333 | D:3      | Found Ruadoss's Jewellery Shoppe.
  3031 | D:3      | Reached XP level 4. HP: 33/33 MP: 2/10
  3348 | D:4      | Reached XP level 5. HP: 34/38 MP: 1/12
  3441 | D:4      | Noticed Edmund
  3455 | D:4      | Noticed a necrophage
  3477 | D:4      | Noticed Sigmund
  3743 | D:4      | Noticed an ogre
  3749 | D:4      | Killed an ogre
  3988 | D:4      | Noticed Menkaure
  3994 | D:4      | Killed Menkaure
  3995 | D:4      | Reached XP level 6. HP: 18/45 MP: 7/14
  4425 | D:4      | Found a runed translucent gate.
  4425 | D:4      | Found a runed translucent gate.
  4425 | D:4      | Found a runed translucent gate.
  4425 | D:4      | Noticed hitsuchi's ghost (amateur DgFE)
  4576 | D:4      | Killed Edmund
  4577 | D:4      | Reached skill level 5 in Conjurations
  4842 | D:5      | Entered Level 5 of the Dungeon
  4882 | D:5      | Noticed Grinder
  4889 | D:5      | Paralysed by Grinder for 7 turns
  4914 | D:5      | Killed Grinder
  4915 | D:5      | Reached XP level 7. HP: 38/50 MP: 4/16
  5340 | D:5      | Noticed Ijyb
  5348 | D:5      | Killed Ijyb
  5531 | D:5      | Noticed Eustachio
  5562 | D:5      | Killed Eustachio
  5563 | D:5      | Reached skill level 6 in Conjurations
  6051 | D:5      | Reached XP level 8. HP: 31/57 MP: 9/18
  6106 | D:5      | Learned a level 3 spell: Dazzling Flash
  6611 | D:4      | Killed Sigmund
  6710 | D:6      | Reached skill level 5 in Spellcasting
  7016 | D:6      | Found Olibyexo's Distillery.
  7028 | D:6      | Bought a potion of invisibility for 96 gold pieces
  7028 | D:6      | Bought a potion of lignification for 36 gold pieces
  7591 | D:6      | Reached skill level 5 in Stealth
  7725 | D:7      | Noticed Pikel
  7828 | D:7      | Killed Pikel
  7829 | D:7      | Reached skill level 7 in Conjurations
  7953 | D:7      | Found a staircase to the Ecumenical Temple.
  8017 | D:7      | Reached skill level 5 in Dodging
  8017 | D:7      | Reached XP level 9. HP: 62/62 MP: 20/21
  8582 | D:7      | Identified the +1 leather armour of Ru's Inspiration
                  | {Int+4}
  9381 | D:8      | Noticed a two-headed ogre
  9406 | D:7      | Killed a two-headed ogre
 10073 | D:8      | Reached skill level 8 in Conjurations
 10555 | D:8      | Learned a level 4 spell: Fulminant Prism
 11125 | D:9      | Found a flagged portal.
 11131 | D:9      | Noticed a two-headed ogre
 11141 | D:9      | Demolished by a two-headed ogre

Illustrated notes

Levels and vault maps discovered:
D:1:      tarquinn_simple_flora_water_c, layout_loops_corners,
          shapermc_ecumenical_altar_mp_vishouse, minivault_14,
          kennysheep_pointless_box
D:2:      layout_basic
D:3:      layout_loops_corners, mainiacjoe_overflow_cross_hatched, serial_shops,
          nicolae_shop_window_shopping
D:4:      layout_loops_ring, lemuel_doored_altar, ebering_ghost_rock_garden,
          uniq_edmund, uniq_menkaure, uniq_sigmund
D:5:      layout_basic, kennysheep_little_box, uniq_grinder, uniq_ijyb,
          uniq_eustachio
D:6:      layout_loops_ring, grunt_dithmenos_shadows, serial_shops,
          nicolae_diamond_shop
D:7:      layout_layer_cave, vehumet_altar_wand_db,
          lemuel_coloured_pillars_altar, minmay_temple_entry_arrows, uniq_pikel
D:8:      layout_gridville, mainiacjoe_overflow_chevrons
D:9:      layout_loops_ring, xom_shifter_show, enter_bailey_2

Skill      XL: |  1  2  3  4  5  6  7  8  9 |
---------------+----------------------------+-----
Dodging        | 2 3 4 5 |  5.9
Stealth        | 2 3 4 5 6 |  6.3
Spellcasting   | 2 3 4 5 7 |  7.1
Conjurations   | 4 5 6 7 8 |  8.4
Armour         | 3 |  3.0

Action                   |  1- 3 |  4- 6 |  7- 9 || total
-------------------------+-------+-------+-------++-------
Melee: Unarmed           |    23 |       |       ||    23
       Flail             |       |       |     8 ||     8
       Falchion          |       |       |    12 ||    12
 Cast: Magic Dart        |    89 |    32 |    99 ||   220
       Searing Ray       |     2 |    12 |    76 ||    90
  Use: Scroll            |     5 |     3 |    11 ||    19
Armor: Robe              |     6 |       |       ||     6
       Leather armour    |       |       |    54 ||    54
Dodge: Dodged            |    25 |     6 |   104 ||   135
